 Dungeon Crawl Stone Soup version 0.22.0-75-g3901e7991e (webtiles) character file.

1703 Revguard the Slasher (level 8, -4/60 HPs)
             Began as a Demonspawn Gladiator on Sept 15, 2018.
             Was a Believer of Ashenzari.
             Slain by an ogre
             ... wielding a +0 giant spiked club
              (11 damage)
             ... on level 6 of the Dungeon.
             The game lasted 00:23:02 (4778 turns).

Revguard the Slasher (Demonspawn Gladiator)         Turns: 4778, Time: 00:23:03

Health: -4/60      AC: 18    Str: 15    XL:     8   Next: 73%
Magic:  13/13      EV: 11    Int: 10    God:    Ashenzari [**....]
Gold:   261        SH:  4    Dex: 16    Spells: 9/14 levels left

rFire    . . .     SeeInvis .   a - +2 long sword (curse)
rCold    . . .     Gourm    .   (no shield)
rNeg     . . .     Faith    .   g - +0 scale mail
rPois    .         Spirit   .   w - +2 helmet
rElec    .         Reflect  .   o - +0 cloak
rCorr    .         Harm     .   (no gloves)
MR       .....                  k - +0 pair of boots
Stlth    +.........             (no amulet)
HPRegen  0.20/turn              j - +6 ring of protection (curse)
MPRegen  0.13/turn              (no ring)

@: no status effects
A: talons 1, large bone plates 1, foul stench 1, nightstalker 1, rot immunity
a: Curse Item, Scrying, Renounce Religion


You were on level 6 of the Dungeon.
You worshipped Ashenzari.
Ashenzari was pleased with you.
You were not hungry.

You visited 1 branch of the dungeon, and saw 6 of its levels.

You collected 261 gold pieces.

Inventory:

Hand Weapons
 a - a cursed +2 long sword (weapon)
Armour
 g - a +0 scale mail (worn)
 k - a +0 pair of boots (worn)
 o - a +0 cloak (worn)
 p - the +0 robe of Mirth {*Corrode rElec rPois}
   (You found it on level 5 of the Dungeon)

   It insulates you from electricity.
   It protects you from poison.
   It may corrode you when you take damage.
 w - a +2 helmet (worn)
Jewellery
 i - an uncursed ring of ice
 j - a cursed +6 ring of protection (left hand)
 t - an uncursed ring of protection from magic
Wands
 c - a wand of random effects (20)
 h - a wand of flame (19)
 s - a wand of digging (14)
Scrolls
 b - a scroll of enchant armour {unknown}
 r - a scroll of teleportation
Potions
 d - 2 potions of degeneration {unknown}
 e - a potion of mutation {unknown}
 l - a potion of flight
 m - a potion of curing
 n - 2 potions of brilliance {unknown}
 u - 2 potions of invisibility
 v - 2 potions of might {unknown}
 x - a potion of magic {unknown}
Comestibles
 f - 5 rations


   Skills:
 + Level 4.0 Fighting
 + Level 6.2(8.6) Long Blades
 - Level 1.7 Throwing
 * Level 3.9 Armour
 + Level 4.0 Dodging
 * Level 3.7 Spellcasting
 * Level 3.1 Conjurations
 * Level 2.8 Transmutations


You had 9 spell levels left.
You knew the following spells:

 Your Spells              Type           Power        Failure   Level  Hunger
a - Irradiate             Conj/Tmut      #.........   100%        5    ######.

Your spell library contained the following spells:

 Spells                   Type           Power        Failure   Level  Hunger
 Hydra Form               Tmut           #.........   100%        6    #######
 Statue Form              Tmut/Erth      #........    100%        6    #######
 Dragon Form              Tmut           #.........   100%        7    #######


Dungeon Overview and Level Annotations

Branches:
Dungeon (6/15)             Temple (0/1) D:5

Altars:
Ashenzari
Dithmenos
Elyvilon
Ru
Sif Muna
Zin
The Shining One


Innate Abilities, Weirdness & Mutations

You have sharp toenails.
You are partially covered in large bone plates. (SH +4)
You may emit foul miasma when damaged in melee.
You are slightly more attuned to the shadows.
You are immune to rotting.


Message History

The ogre is lightly wounded.
You hit the ogre.
The ogre is moderately wounded.
A bullfrog comes into view.
The ogre hits you with a giant spiked club!
You hit the ogre.
The ogre is moderately wounded.
The ogre hits you with a giant spiked club!
* * * LOW HITPOINT WARNING * * *
You hit the ogre.
The ogre is heavily wounded.
You slash the ogre!
The ogre is almost dead.
The bullfrog swells and bulges.
The ogre hits you with a giant spiked club!
* * * LOW HITPOINT WARNING * * *
You hit the ogre.
The ogre is almost dead.
The ogre hits you with a giant spiked club!
You die...

* , ....,, * , **
#....., * ,
#.##.# ,,, *
#.##.## * #.##<.#
#.###.# # * * *
## **#.###.#.# _
....##.......# *
*
......@###.#.....
* ,....##O#
#.#.###. , ###*
#F# #.# # * * *
#F# #.# * * *
#.#*..# * , #.<
... * * , #.# , *
* * *, , * ,


You could see an ogre and 2 bullfrogs.

Vanquished Creatures
  Pikel (D:5)
  Eustachio (D:3)
  Menkaure (D:4)
  Duvessa (D:5)
  A slave (D:5)
  An ogre (D:5)
  2 centaurs (D:5)
  Blork the orc (D:5)
  Dowan (D:5)
  A crimson imp (D:2)
  2 hounds
  2 iguanas
  4 worker ants
  A hound zombie (D:5)
  Robin (D:4)
  A worker ant zombie (D:5)
  2 gnolls (D:2)
  7 adders
  6 oozes
  An adder zombie (D:6)
  6 worms
  2 dart slugs (D:1)
  2 leopard geckos (D:4)
  3 orcs
  4 ball pythons
  8 bats
  4 giant cockroaches
  15 goblins
  14 hobgoblins
  4 jackals (D:1)
  12 kobolds
  5 quokkas
  6 frilled lizards
  A leopard gecko skeleton (D:5)
  A quokka skeleton (D:4)
  13 rats
138 creatures vanquished.

Notes
Turn   | Place    | Note
-------+----------+-------------------------------------------
     0 | D:1      | Revguard the Demonspawn Gladiator began the quest for the
                  | Orb.
     0 | D:1      | Reached XP level 1. HP: 16/16 MP: 1/1
   166 | D:1      | Gained mutation: You are immune to rotting. [demonic
                  | ancestry]
   166 | D:1      | Reached XP level 2. HP: 15/22 MP: 2/2
   390 | D:1      | Reached skill level 3 in Long Blades
   735 | D:1      | Gained mutation: You have sharp toenails. [demonic
                  | ancestry]
   735 | D:1      | Reached XP level 3. HP: 28/28 MP: 4/4
   923 | D:1      | Reached skill level 1 in Spellcasting
  1108 | D:2      | Reached skill level 1 in Armour
  1140 | D:2      | Gained mutation: You may emit foul miasma when damaged in
                  | melee. [demonic ancestry]
  1140 | D:2      | Reached XP level 4. HP: 15/34 MP: 5/5
  1570 | D:2      | Found a faded altar of an unknown god.
  1579 | D:2      | Became a worshipper of Ashenzari the Shackled
  1579 | D:2      | Reached * piety under Ashenzari
  1649 | D:2      | Gained mutation: You are partially covered in large bone
                  | plates. (SH +4) [demonic ancestry]
  1649 | D:2      | Reached XP level 5. HP: 37/39 MP: 7/7
  1871 | D:2      | Learned a level 5 spell: Irradiate
  2229 | D:3      | Reached skill level 4 in Long Blades
  2879 | D:4      | Noticed Robin
  2905 | D:4      | Reached XP level 6. HP: 22/46 MP: 9/9
  2918 | D:4      | Killed Robin
  3175 | D:4      | Found a sacrificial altar of Ru.
  3320 | D:4      | Noticed Menkaure
  3333 | D:4      | Killed Menkaure
  3333 | D:4      | Reached skill level 1 in Conjurations
  3333 | D:4      | Reached skill level 1 in Transmutations
  3413 | D:4      | Noticed Eustachio
  3469 | D:3      | HP: 1/47 [Eustachio/rapier (8)]
  3534 | D:3      | Killed Eustachio
  3534 | D:3      | Reached XP level 7. HP: 36/52 MP: 10/10
  3586 | D:5      | Entered Level 5 of the Dungeon
  3591 | D:5      | Reached skill level 5 in Long Blades
  3641 | D:5      | Found a deep blue altar of Sif Muna.
  3641 | D:5      | Noticed Duvessa
  3641 | D:5      | Noticed Dowan
  3658 | D:5      | Killed Duvessa
  3700 | D:5      | Killed Dowan
  3871 | D:5      | Found a staircase to the Ecumenical Temple.
  3871 | D:5      | Reached ** piety under Ashenzari
  3916 | D:5      | Noticed Blork the orc
  3930 | D:5      | Killed Blork the orc
  3994 | D:5      | Gained mutation: You are slightly more attuned to the
                  | shadows. [demonic ancestry]
  3994 | D:5      | Reached XP level 8. HP: 16/58 MP: 12/12
  4088 | D:5      | Found a glowing golden altar of the Shining One.
  4088 | D:5      | Found a glowing silver altar of Zin.
  4088 | D:5      | Found a white marble altar of Elyvilon.
  4235 | D:5      | Found a shadowy altar of Dithmenos.
  4251 | D:5      | Noticed Pikel
  4285 | D:5      | Killed Pikel
  4285 | D:5      | Reached skill level 6 in Long Blades
  4336 | D:5      | Got the uncursed robe of Mirth {*Corrode rElec rPois}
  4506 | D:5      | Identified the +6 hunting sling "Vuot" {venom, MR+} (You
                  | found it on level 5 of the Dungeon)
  4778 | D:6      | Slain by an ogre

Skill      XL: |  1  2  3  4  5  6  7  8 |
---------------+-------------------------+-----
Long Blades    | 3 4 5 6 |  6.2
Dodging        | 3 4 |  4.0
Spellcasting   | 1 2 3 |  3.7
Armour         | 1 2 3 |  3.9
Fighting       | 3 4 |  4.0
Conjurations   | 1 2 3 |  3.1
Transmutations | 1 2 |  2.8
Throwing       | |  1.7

Action                   |  1- 3 |  4- 6 |  7- 9 || total
-------------------------+-------+-------+-------++-------
Melee: Long sword        |   104 |   360 |   150 ||   614
       Kick              |     1 |       |       ||     1
Invok: Curse Item        |       |     1 |     1 ||     2
  Use: Scroll            |       |    11 |     1 ||    12
       Potion            |       |     2 |     2 ||     4
  Eat: Chunk             |       |     3 |     1 ||     4
       Ration            |       |     2 |     1 ||     3
Armor: Leather armour    |    58 |   149 |    12 ||   219
       Scale mail        |       |       |    65 ||    65
Dodge: Dodged            |   114 |   266 |    80 ||   460
Block: Other             |       |    73 |    36 ||   109
       Rpst.: Long sword |    36 |    74 |    30 ||   140
